 Dungeon Crawl Stone Soup version 0.31-a0-188-g5e087ee2ca (webtiles) character file.

Game seed: 12223816634923376994

1162 Anon1729 the Trooper (level 8, -1/71 HPs)
             Began as a Minotaur Monk on June 23, 2023.
             Killed from afar by Pikel (6 damage)
             ... with a puff of flame
             ... on level 6 of the Dungeon.
             The game lasted 00:03:07 (4416 turns).

Anon1729 the Trooper (Minotaur Monk)                Turns: 4416, Time: 00:03:07

Health: -1/71      AC:  8    Str: 15    XL:     8   Next: 17%
Magic:  10/10      EV: 13    Int:  7    God:
Gold:   412        SH:  0    Dex: 16    Spells: 7/7 levels left

rFire   . . .        n - +2 dagger (venom)
rCold   . . .        d - orb {light}
rNeg    . . .        B - +1 ring mail {rPois}
rPois   +            (helmet restricted)
rElec   .            u - +0 cloak
rCorr   .            (no gloves)
SInv    .            (no boots)
Will    .....        (no amulet)
Stlth   +            (no ring)
HPRegen 0.31/turn    (no ring)
MPRegen 0.12/turn

%: no passive effects
@: glowing
A: horns 2, retaliatory headbutt
a: no special abilities


You were on level 6 of the Dungeon.
You visited 2 branches of the dungeon, and saw 7 of its levels.
You also visited: Sewer.

You collected 412 gold pieces.

Inventory:

Hand Weapons
 a - a +0 short sword
 n - a +2 dagger of venom (weapon)
Missiles
 y - a throwing net
Armour
 b - a +0 robe
 d - an orb of light (worn)
 u - a +0 cloak (worn)
 v - a +0 plate armour
 B - a +1 ring mail of poison resistance (worn)
Wands
 o - a wand of charming (10)
 x - a wand of polymorph (12)
 C - a wand of flame (16)
Scrolls
 e - 2 scrolls of brand weapon
 g - a scroll of silence {unknown}
 h - a scroll of revelation {unknown}
 i - 2 scrolls of noise
 l - 2 scrolls of vulnerability
 m - 2 scrolls of teleportation {unknown}
 p - a scroll of poison {unknown}
 r - a scroll of fog {unknown}
 A - 2 scrolls of enchant weapon {unknown}
Potions
 c - 2 potions of ambrosia
 f - a potion of heal wounds
 j - a potion of attraction {unknown}
 k - a potion of enlightenment {unknown}
 q - a potion of might {unknown}
 s - a potion of degeneration {unknown}
 w - a potion of mutation {unknown}
 z - a potion of magic {unknown}


   Skills:
 + Level 6.3 Fighting
 + Level 5.7 Short Blades
 + Level 4.9 Armour
 + Level 5.7 Dodging
 + Level 4.1 Invocations


You had 7 spell levels left.
You didn't know any spells.
Your spell library contained the following spells:

 Spells                   Type           Power      Damage    Failure   Level
 Magic Dart               Conj           0%         1d3       65%         1
 Searing Ray              Conj           0%         2d4       78%         2
 Gell's Gravitas          Tloc           0%         N/A       95%         3
 Ozocubu's Armour         Ice            0%         N/A       95%         3
 Teleport Other           Tloc           0%         N/A       95%         3
 Fulminant Prism          Conj/Hex       0%         3d5       100%        4
 Metabolic Englaciation   Hex/Ice        0%         N/A       100%        5
 Dispersal                Tloc           0%         N/A       100%        6
 Simulacrum               Ice/Necr       0%         N/A       100%        6


Dungeon Overview and Level Annotations

Branches:
Dungeon (6/15)             Temple (1/1) D:5           Sewer (visited)

Altars:
Ashenzari
Cheibriados
Dithmenos
Elyvilon
Fedhas
Gozag
Hepliaklqana
Kikubaaqudgha
Makhleb
Nemelex Xobeh
Qazlal
Ru
Sif Muna
Trog
Vehumet
Wu Jian
Xom
Yredelemnul
Zin
The Shining One

Annotations:
D:3 3 runed translucent doors, Reshi88's ghost, amateur FoFi
D:6 Pikel


Innate Abilities, Weirdness & Mutations

You have a pair of horns on your head.
You reflexively headbutt those who attack you in melee.


Message History

Unknown command.
Unknown command.
Pikel zaps a wand.
The puff of flame hits you!
* * * LOW HITPOINT WARNING * * *
It was a potion of heal wounds.
You feel much better.
Pikel zaps a wand.
The puff of flame hits you!
Okay, then.
As you read the scroll labelled YHIFYSTEANT, it crumbles to dust.
It is a scroll of identify.
e - 2 scrolls of brand weapon
As you read the scroll of identify, it crumbles to dust.
i - 2 scrolls of noise
As you read the scroll of identify, it crumbles to dust.
l - 2 scrolls of vulnerability Pikel hits you with a +2 whip of freezing!
* * * LOW HITPOINT WARNING * * *
Pikel freezes you.
* * * LOW HITPOINT WARNING * * *
Okay, then.
You feel much better.
Pikel zaps a wand.
The puff of flame hits you.
Aiming: Throw Flame
Press: ? - help, Shift-Dir - straight line, f - lemure
Aim: a lemure (almost dead, poisoned, haloed, 74% to hit)
The puff of flame hits the lemure.
You kill the lemure!
That felt strangely unrewarding.
Pikel zaps a wand.
The puff of flame hits you.
You hit Pikel but do no damage.
Pikel is poisoned.
You are engulfed in a cloud of scalding steam.
Pikel hits you with a +2 whip of freezing!
* * * LOW HITPOINT WARNING * * *
Pikel freezes you.
* * * LOW HITPOINT WARNING * * *
Pikel attacks as you move away!
Pikel hits you with a +2 whip of freezing!
* * * LOW HITPOINT WARNING * * *
Pikel freezes you.
* * * LOW HITPOINT WARNING * * *
Pikel is engulfed in a cloud of scalding steam.
Pikel zaps a wand.
The puff of flame hits you.
You die...

########
#############(.....##.
#[....@§K§..#....!....
#.##≈~≈§~##.#K.....#
#.##~~~§§##.#..).$.#
#.~≈.....~≈5.......#
##.~~.....≈~...........
...........)~~........###
.....~~...~~≈~........#
.....~~.....≈≈........#
...##~~.†~##........#


You could see Pikel (very poisoned).

Vanquished Creatures
  A water moccasin (D:5)
  Pargi (Sewer)
  2 black bears
  2 ogres (D:5)
  4 lemures (D:6)
  2 scorpions (D:5)
  An orc priest (D:4)
  A hound (D:4)
  A jelly (D:3)
  A sleepcap (D:5)
  Ijyb (D:3)
  2 iguanas (D:4)
  5 orc wizards
  7 adders
  A river rat (D:6)
  A white imp (D:6)
  2 dart slugs (D:2)
  11 orcs
  6 endoplasms
  4 giant cockroaches
  9 goblins
  6 hobgoblins
  3 jackals (D:2)
  6 quokkas
  12 ball pythons
  11 bats
  8 frilled lizards
  7 kobolds
  8 rats
126 creatures vanquished.

Notes
Turn   | Place    | Note
-------+----------+-------------------------------------------
     0 | D:1      | Anon1729 the Minotaur Monk began the quest for the Orb.
     0 | D:1      | Reached XP level 1. HP: 19/19 MP: 0/0
    72 | D:1      | Reached XP level 2. HP: 11/27 MP: 1/1
   192 | D:1      | Reached skill level 1 in Armour
   267 | D:1      | Reached skill level 1 in Invocations
   268 | D:1      | Reached skill level 4 in Fighting
   307 | D:1      | Reached XP level 3. HP: 33/33 MP: 2/2
   389 | D:1      | You fall into a shaft and drop 1 floor!
   821 | D:2      | Reached XP level 4. HP: 21/40 MP: 2/4
  1171 | D:3      | Noticed Ijyb
  1176 | D:3      | Killed Ijyb
  1394 | D:3      | Reached XP level 5. HP: 19/47 MP: 5/5
  1717 | D:3      | Found a runed translucent gate.
  1717 | D:3      | Found a runed translucent gate.
  1757 | D:3      | Found an opulent altar of Gozag.
  1829 | D:3      | Found a snail-covered altar of Cheibriados.
  1984 | D:3      | Found a runed translucent gate.
  1986 | D:3      | Noticed Reshi88's ghost (amateur FoFi)
  2520 | D:4      | Found an ancient bone altar of Kikubaaqudgha.
  2534 | D:4      | Found an ornate altar of the Wu Jian Council.
  2559 | D:4      | Reached XP level 6. HP: 28/55 MP: 6/6
  2775 | D:4      | Reached skill level 5 in Fighting
  2807 | D:4      | Found a sacrificial altar of Ru.
  3148 | D:5      | Entered Level 5 of the Dungeon
  3253 | D:5      | Reached XP level 7. HP: 61/61 MP: 8/8
  3299 | D:5      | Reached skill level 5 in Short Blades
  3369 | D:5      | Found a staircase to the Ecumenical Temple.
  3515 | D:5      | Reached skill level 5 in Dodging
  3682 | D:5      | Reached skill level 6 in Fighting
  3858 | Temple   | Entered the Ecumenical Temple
  4132 | D:6      | Found a radiant altar of Vehumet.
  4170 | D:6      | Reached XP level 8. HP: 55/70 MP: 9/9
  4172 | D:6      | Found a glowing drain.
  4183 | Sewer    | Entered a sewer
  4245 | Sewer    | Noticed Pargi
  4251 | Sewer    | Killed Pargi
  4377 | D:6      | Noticed Pikel
  4416 | D:6      | Killed from afar by Pikel

Illustrated notes

Levels and vault maps discovered:
D:1:      zelgadis_glass_arrival_small, layout_rooms
D:2:      layout_loops_ring
D:3:      layout_loops_ring, lemuel_tele_altar, nicolae_gozag_seed_capital,
          gammafunk_ghost_necromancy, chequers_decorated_corner,
          corexii_hall_statues_u, uniq_ijyb
D:4:      layout_cave_pools, nicolae_overflow_hidden_temple, kennysheep_dice
D:5:      layout_loops_cross, temple_doors_ab
D:6:      layout_rooms, vehumet_altar_wand_db, cheibrodos_sewer_entry_sluice,
          uniq_sigmund, uniq_pikel, uniq_grinder
Temple:   compressed_dpeg_circular_temple

Skill      XL: |  1  2  3  4  5  6  7  8 |
---------------+-------------------------+-----
Armour         | 1 2 3 4 |  4.9
Invocations    | 1 2 3 4 |  4.1
Fighting       | 4 5 6 |  6.3
Short Blades   | 4 5 |  5.7
Dodging        | 4 5 |  5.7

Action                     |  1- 3 |  4- 6 |  7- 9 || total
---------------------------+-------+-------+-------++-------
  Melee: Short sword       |   103 |    17 |       ||   120
         Headbutt          |    20 |    35 |    38 ||    93
         Dagger            |       |   107 |   117 ||   224
  Evoke: Wand              |       |       |     1 ||     1
    Use: Scroll            |       |       |     3 ||     3
         Potion            |       |       |     2 ||     2
 Armour: Robe              |    17 |     8 |       ||    25
         Plate armour      |       |    60 |    27 ||    87
         Ring mail         |       |       |    27 ||    27
  Dodge: Dodged            |    71 |    47 |    43 ||   161

Table legend: (Time is in decaauts)
 A = Elapsed time spent in this place.
 B = Non-inter-level travel time spent in this place.
 C = Inter-level travel time spent in this place.
 D = Time resting spent in this place.
 E = Time spent auto-exploring this place.
 F = Levels seen in this place.
 G = Mean time per level.
                   A        B        C        D        E       F      G
               +--------+--------+--------+--------+--------+-----+--------+
         Total |   4339 |   3913 |    426 |    258 |   2999 |   8 |  542.4 |
       Dungeon |   4056 |   3640 |    416 |    258 |   2775 |   6 |  676.0 |
        Temple |    105 |     96 |      9 |      0 |     85 |   1 |  105.0 |
         Sewer |    176 |    176 |      0 |      0 |    139 |   1 |  176.0 |
               +--------+--------+--------+--------+--------+-----+--------+

Top non-repeatable levels by time:
     D:3: 1289 daAuts
     D:2: 767 daAuts
     D:5: 765 daAuts
     D:4: 760 daAuts
     D:1: 380 daAuts
   Sewer: 176 daAuts
  Temple: 105 daAuts
     D:6: 92 daAuts
